 Dungeon Crawl Stone Soup version 0.29.1 (webtiles) character file.

Game seed: 6595148512485610175

42791 qw the Severer (level 13, -1/189 HPs)
             Began as a Minotaur Berserker on Sept 13, 2022.
             Was a Priest of Trog.
             Succumbed to Nessos's poison
             ... on level 5 of the Lair of Beasts.
             The game lasted 00:06:02 (17466 turns).

qw the Severer (Minotaur Berserker)                Turns: 17466, Time: 00:06:03

Health: -1/189     AC: 23    Str: 28    XL:     13   Next: 87%
Magic:  12/12      EV:  8    Int:  4    God:    Trog [***...]
Gold:   470        SH: 12    Dex:  9    Spells: 12/12 levels left

rFire   . . .      SeeInvis .   Y - +0 war axe (freeze)
rCold   . . .      Faith    .   i - +0 kite shield
rNeg    . . .      Spirit   .   j - +0 plate armour
rPois   .          Reflect  .   g - +2 hat
rElec   .          Harm     .   q - +0 cloak
rCorr   .          Rampage  .   (no gloves)
Will    .....                   (no boots)
Stlth   ..........              k - amulet of regeneration
HPRegen 2.01/turn               l - +4 ring of protection
MPRegen 0.13/turn               (no ring)

@: berserking (expiring), lethally poisoned (-1 -> -14), very quick
A: horns 2, retaliatory headbutt, talons 1, regeneration 1
a: Renounce Religion, Berserk, Trog's Hand


You were on level 5 of the Lair of Beasts.
You worshipped Trog.
Trog was most pleased with you.
You visited 2 branches of the dungeon, and saw 14 of its levels.

You collected 914 gold pieces.
You spent 444 gold pieces at shops.


Innate Abilities, Weirdness & Mutations

You have a pair of horns on your head.
You reflexively headbutt those who attack you in melee.
You have sharp toenails.
Your natural rate of healing is unusually fast.


   Skills:
 - Level 15.0 Fighting
 - Level 16.0 Axes
 - Level 3.4 Throwing
 - Level 12.0 Armour
 - Level 5.0 Dodging
 + Level 14.3 Shields


You had 12 spell levels left.
You didn't know any spells.
Your spell library was empty.

Inventory:

Hand Weapons
 r - a +0 flail of protection
 Y - a +0 war axe of freezing (weapon)
Armour
 g - a +2 hat (worn)
 i - a +0 kite shield (worn)
 j - a +0 plate armour (worn)
 q - a +0 cloak (worn)
Jewellery
 b - the ring "Ditriep" {rC+ Will+ rCorr Str-5}
   (You found it on level 5 of the Lair of Beasts)

   [ring of willpower]

   Str:       It affects your strength (-5).
   rC:        It protects you from cold.
   rCorr:     It protects you from acid and corrosion.
   Will:      It increases your willpower.
 d - a ring of ice
 k - an amulet of regeneration (around neck)
 l - a +4 ring of protection (left hand)
Scrolls
 c - a scroll of identify
 n - 7 scrolls of teleportation
Potions
 a - 3 potions of mutation
 e - 7 potions of curing
 f - a potion of haste
 h - 2 potions of might
 m - a potion of cancellation
 p - 4 potions of heal wounds

Dungeon Overview and Level Annotations

Branches:
Dungeon (9/15)             Temple (0/1) D:7            Lair (5/5) D:9
  Swamp (0/4) Lair:2       Spider (0/4) Lair:3        Slime (0/5) Lair:4
    Orc: D:9-12

Altars:
Cheibriados
Elyvilon
Hepliaklqana
Kikubaaqudgha
Okawaru
Vehumet
Xom
Yredelemnul

Shops:
D:3 ==[[[   D:8 =   D:9 :

Annotations:
Lair:5 Nessos


Message History

You hit the elephant. You freeze the elephant.
You feel sick.
Nessos shoots an arrow.
You block the arrow.
Nessos shoots an arrow.
The arrow hits you! The arrow burns you.
You are more poisoned.
The elephant closely misses you. You furiously retaliate!
You headbutt the elephant! The elephant closely misses you.
The elephant tramples you.
You hold your ground!
The elephant trunk-slaps you but does no damage.
17461 ||| INVOKING Berserk.
A red film seems to cover your vision as you go berserk!
You feel yourself moving faster!
You feel mighty!
You feel very sick.
Nessos shoots an arrow.
The arrow hits you but does no damage.
Nessos shoots an arrow.
The arrow hits you! The arrow burns you.
You block the elephant's attack. x2; The elephant barely misses you.
The elephant closely misses you.
Nessos shoots an arrow.
The arrow hits you. The arrow burns you.
You slice the elephant!! You freeze the elephant! You headbutt the elephant!
You kill the elephant!
Trog accepts your kill.
You slash the elephant! You freeze the elephant.
You feel very sick.
Nessos shoots an arrow.
The arrow hits you! The arrow burns you.
You are more poisoned.
You slice the elephant!! You freeze the elephant!
The elephant is almost dead.
You feel very sick.
Nessos shoots an arrow.
You block the arrow. The elephant tramples you.
You stumble backwards!
You slice the elephant!! You freeze the elephant.
You kill the elephant!
Trog accepts your kill.
You feel very sick.
Nessos shoots an arrow.
The arrow hits you! The arrow burns you.
A small abomination comes into view.
You feel very sick.
Nessos casts a spell.
Nessos blinks!
Nessos shoots an arrow.
The arrow hits you. The arrow burns you.
You feel a strong urge to attack something.
You die...

###.%........########
#######.##.........## #.#.#######
P##.##..#...........###....#.#.##
.................................
.......?......c..................
.................................
.................................
........)..........ยค.............
................@................
.................................
.......................x.........
P#.#...#..##.........#.._........
#######..####..%...........P.....
#### #...%.................
#%%.......#...........
#.........#### ... #..(*.....# .?.


You could see Nessos (fast) and a small abomination.

Vanquished Creatures
  Kirke (Lair:5)
  Erolcha (D:9)
  A hydra (Lair:5)
  10 death yaks
  Nergalle (Lair:3)
  Sonja (Lair:1)
  4 bog bodies (Lair:2)
  A large abomination (Lair:4)
  An orb spider (Lair:3)
  Pikel (D:8)
  2 torpor snails
  10 elephants
  A black mamba (Lair:2)
  9 cane toads
  4 komodo dragons
  Maggie (D:8)
  6 rime drakes
  2 trolls (D:9)
  2 polar bears
  Prince Ribbit (D:5)
  25 blink frogs
  6 dream sheep (Lair:3)
  Sigmund (D:3)
  5 wyverns
  A wraith (D:7)
  5 basilisks
  A ynoxinul (Lair:5)
  4 small abominations
  A chaos spawn (Lair:4)
  14 yaks
  2 hogs (Lair:5)
  A steam dragon (Lair:4)
  2 swamp worms (Lair:2)
  Menkaure (D:7)
  3 wargs (D:9)
  8 water moccasins
  4 sky beasts
  2 orc warriors
  3 ice beasts
  3 black bears
  4 wolves (Lair:3)
  2 ogres
  3 centaurs
  3 lemures (D:8)
  A kobold brigand (D:9)
  5 bullfrogs
  5 gnoll sergeants
  3 scorpions
  21 wights
  21 killer bees
  2 electric eels
  2 vampire bats (D:5)
  12 hounds
  2 jellies
  3 gnoll boudas
  5 orc priests
  An iguana (D:6)
  Natasha (thrice) (D:4)
  5 orc wizards
  Robin (D:3)
  50 gnolls
  7 adders
  A shadow imp (D:5)
  A white imp (D:7)
  An ufetubus (D:5)
  4 worms
  A dart slug (D:4)
  32 orcs
  3 bat skeletons (D:5)
  2 bat zombies (D:5)
  6 endoplasms
  A giant cockroach (D:3)
  16 goblins
  6 hobgoblins
  10 jackals
  10 kobolds
  4 quokkas
  5 ball pythons
  4 bats
  2 frilled lizards (D:3)
  7 rats
429 creatures vanquished.

Vanquished Creatures (collateral kills)
  2 hydras
2 creatures vanquished.

Vanquished Creatures (others)
  A jackal (D:9)
  11 fungi
  16 plants
28 creatures vanquished.

Grand Total: 459 creatures vanquished

Notes
Turn   | Place    | Note
-------+----------+-------------------------------------------
     0 | D:1      | qw the Minotaur Berserker began the quest for the Orb.
     0 | D:1      | Reached XP level 1. HP: 19/19 MP: 0/0
     0 | D:1      | 0 ||| qw: Version: 0.1-a-119-g272c26d
     0 | D:1      | 0 ||| qw: Game counter: 11227
     0 | D:1      | 0 ||| qw: Always use a shield: true
     0 | D:1      | 0 ||| qw: Do Orc after D:15 true
     0 | D:1      | 0 ||| qw: Do second Lair branch before Depths: true
     0 | D:1      | 0 ||| qw: Lair rune preference: random
     0 | D:1      | 0 ||| qw: Plans: Normal
     0 | D:1      | 0 ||| PLANNING D:1-11
   261 | D:1      | Reached skill level 4 in Axes
   293 | D:1      | Reached XP level 2. HP: 25/26 MP: 1/1
   586 | D:1      | 586 ||| Stepping ~*~*~tactically~*~*~ (stealth).
   636 | D:1      | Found a faded altar of an unknown god.
   659 | D:1      | 659 ||| DROPPING +0 club.
   854 | D:1      | 854 ||| UPGRADING to +1 hat.
   859 | D:1      | 859 ||| UPGRADING to amulet of regeneration.
   864 | D:1      | 864 ||| READING scroll labelled ADUIRGH JATAOR.
   868 | D:1      | 868 ||| READING scroll labelled NOROSARCHAE.
   869 | D:1      | 869 ||| READING scroll labelled GOUFIE ODELYR.
   870 | D:1      | 870 ||| READING scroll labelled TEURULAAGE.
   871 | D:1      | 871 ||| READING scroll labelled XOYCAI DEQING.
   924 | D:2      | Reached skill level 5 in Axes
   924 | D:2      | Reached XP level 3. HP: 28/31 MP: 2/2
   979 | D:2      | 979 ||| INVOKING Berserk.
   997 | D:2      | 997 ||| Stepping ~*~*~tactically~*~*~ (stealth).
  1003 | D:2      | 1003 ||| Stepping ~*~*~tactically~*~*~ (stealth).
  1004 | D:2      | 1004 ||| Stepping ~*~*~tactically~*~*~ (stealth).
  1009 | D:2      | 1009 ||| Stepping ~*~*~tactically~*~*~ (stealth).
  1010 | D:2      | 1010 ||| Stepping ~*~*~tactically~*~*~ (stealth).
  1026 | D:2      | 1026 ||| Stepping ~*~*~tactically~*~*~ (stealth).
  1027 | D:2      | 1027 ||| Stepping ~*~*~tactically~*~*~ (stealth).
  1727 | D:2      | 1727 ||| READING scroll labelled ACOITAIG DEGU.
  1728 | D:2      | 1728 ||| DRINKING 2 bubbling blue potions.
  1728 | D:2      | Gained mutation: You have sharp toenails. [potion of
                  | mutation]
  1728 | D:2      | Gained mutation: Your natural rate of healing is unusually
                  | fast. [potion of mutation]
  1828 | D:3      | 1828 ||| INVOKING Berserk.
  1935 | D:3      | 1935 ||| Stepping ~*~*~tactically~*~*~ (stealth).
  1936 | D:3      | 1936 ||| Stepping ~*~*~tactically~*~*~ (stealth).
  1982 | D:3      | 1982 ||| INVOKING Berserk.
  1985 | D:3      | Reached skill level 6 in Axes
  1985 | D:3      | Reached XP level 4. HP: 39/39 MP: 3/3
  2112 | D:3      | 2112 ||| DROPPING +0 mace.
  2129 | D:3      | Found Wyissu Tuzu's Antique Armour Shoppe.
  2137 | D:3      | 2137 ||| SHOPLISTING bloodstained buckler (304 gold, have
                  | 142).
  2137 | D:3      | 2137 ||| SHOPLISTING crude leather armour (224 gold, have
                  | 142).
  2137 | D:3      | 2137 ||| SHOPLISTING glowing scale mail (224 gold, have
                  | 142).
  2137 | D:3      | 2137 ||| SHOPLISTING pair of boots (144 gold, have 142).
  2137 | D:3      | 2137 ||| SHOPLISTING runed ring mail (224 gold, have 142).
  2164 | D:3      | Found Jyclaacs's Antique Armour Shoppe.
  2173 | D:3      | 2173 ||| BUYING chain mail (94 gold).
  2173 | D:3      | Bought a chain mail for 94 gold pieces
  2173 | D:3      | 2173 ||| SHOPLISTING jewelled chain mail (199 gold, have
                  | 48).
  2241 | D:3      | Found Felec's Antique Armour Boutique.
  2259 | D:3      | 2259 ||| SHOPLISTING ichor-stained ring mail (234 gold,
                  | have 48).
  2259 | D:3      | 2259 ||| SHOPLISTING pair of gloves (117 gold, have 48).
  2259 | D:3      | 2259 ||| SHOPLISTING runed plate armour (676 gold, have
                  | 48).
  2259 | D:3      | 2259 ||| SHOPLISTING runed scale mail (182 gold, have 48).
  2273 | D:3      | Reached ** piety under Trog
  2480 | D:3      | 2480 ||| Stepping ~*~*~tactically~*~*~ (stealth).
  2482 | D:3      | 2482 ||| Stepping ~*~*~tactically~*~*~ (stealth).
  2497 | D:3      | 2497 ||| Stepping ~*~*~tactically~*~*~ (stealth).
  2512 | D:3      | 2512 ||| Stepping ~*~*~tactically~*~*~ (stealth).
  2517 | D:3      | 2517 ||| INVOKING Berserk.
  2524 | D:3      | Reached XP level 5. HP: 45/45 MP: 4/4
  2629 | D:3      | Found Xoeza's Jewellery Shop.
  2639 | D:3      | 2639 ||| SHOPLISTING +4 ring of protection (432 gold, have
                  | 60).
  2639 | D:3      | 2639 ||| SHOPLISTING +4 ring of slaying (936 gold, have
                  | 60).
  2639 | D:3      | 2639 ||| SHOPLISTING amulet of reflection (360 gold, have
                  | 60).
  2639 | D:3      | 2639 ||| SHOPLISTING amulet of the Air {Inacc Air Fly rElec
                  | RMsl} (451 gold, have 60).
  2639 | D:3      | 2639 ||| SHOPLISTING ring of positive energy (240 gold,
                  | have 60).
  2639 | D:3      | 2639 ||| SHOPLISTING ring of willpower (300 gold, have 60).
  2641 | D:3      | 2641 ||| READING scroll of enchant weapon.
  2641 | D:3      | 2641 ||| ENCHANTING +1 hand axe.
  2643 | D:3      | Found a white marble altar of Elyvilon.
  2647 | D:3      | Noticed Robin
  2648 | D:3      | 2648 ||| Stepping ~*~*~tactically~*~*~ (hiding).
  2650 | D:3      | Reached skill level 7 in Axes
  2662 | D:3      | 2662 ||| INVOKING Berserk.
  2663 | D:3      | Killed Robin
  2677 | D:3      | Found Othuirr's Jewellery Emporium.
  2789 | D:3      | 2789 ||| SHOPLISTING +6 ring of dexterity (468 gold, have
                  | 70).
  2789 | D:3      | 2789 ||| SHOPLISTING amulet of reflection (390 gold, have
                  | 70).
  2789 | D:3      | 2789 ||| SHOPLISTING ring of fire (325 gold, have 70).
  2789 | D:3      | 2789 ||| SHOPLISTING ring of ice (325 gold, have 70).
  2789 | D:3      | 2789 ||| SHOPLISTING ring of willpower (325 gold, have 70).
  2795 | D:3      | Found a hazy altar of Hepliaklqana.
  2836 | D:3      | Noticed Sigmund
  2844 | D:3      | 2844 ||| INVOKING Berserk.
  2845 | D:3      | Killed Sigmund
  2846 | D:3      | Reached skill level 8 in Axes
  2846 | D:3      | Reached XP level 6. HP: 52/52 MP: 5/5
  3010 | D:3      | 3010 ||| UPGRADING to +0 scale mail.
  3020 | D:3      | 3020 ||| DROPPING +0 animal skin.
  3021 | D:3      | 3021 ||| UPGRADING to +0 chain mail.
  3031 | D:3      | 3031 ||| DROPPING +0 scale mail.
  3032 | D:3      | 3032 ||| READING scroll labelled HUSKIHOINI.
  3033 | D:3      | 3033 ||| DRINKING 3 fizzy clear potions.
  3079 | D:4      | Noticed Natasha
  3085 | D:4      | 3085 ||| INVOKING Berserk.
  3091 | D:4      | Killed Natasha
  3098 | D:4      | Noticed Natasha
  3099 | D:4      | 3099 ||| FLEEEEING.
  3100 | D:4      | 3100 ||| STAIRDANCE
  3206 | D:4      | 3206 ||| Stepping ~*~*~tactically~*~*~ (hiding).
  3213 | D:4      | 3213 ||| INVOKING Berserk.
  3215 | D:4      | Killed Natasha
  3220 | D:4      | 3220 ||| STAIRDANCE
  3325 | D:4      | Noticed Natasha
  3326 | D:4      | 3326 ||| Stepping ~*~*~tactically~*~*~ (hiding).
  3332 | D:4      | 3332 ||| INVOKING Berserk.
  3333 | D:4      | Killed Natasha
  3334 | D:4      | Reached skill level 9 in Axes
  3504 | D:4      | 3504 ||| Stepping ~*~*~tactically~*~*~ (stealth).
  3505 | D:4      | 3505 ||| Stepping ~*~*~tactically~*~*~ (stealth).
  3506 | D:4      | 3506 ||| Stepping ~*~*~tactically~*~*~ (stealth).
  3509 | D:4      | 3509 ||| Stepping ~*~*~tactically~*~*~ (stealth).
  3532 | D:4      | 3532 ||| Stepping ~*~*~tactically~*~*~ (stealth).
  3533 | D:4      | 3533 ||| INVOKING Berserk.
  3546 | D:4      | Reached *** piety under Trog
  3705 | D:4      | 3705 ||| INVOKING Berserk.
  3715 | D:4      | Reached XP level 7. HP: 61/61 MP: 6/6
  4192 | D:4      | 4192 ||| INVOKING Berserk.
  4194 | D:4      | Reached skill level 3 in Armour
  4309 | D:4      | 4309 ||| DRINKING 2 viscous puce potions.
  4310 | D:4      | 4310 ||| DRINKING 4 lumpy amethyst potions.
  4311 | D:4      | 4311 ||| DROPPING potion of magic.
  4341 | D:5      | Entered Level 5 of the Dungeon
  4369 | D:5      | 4369 ||| Stepping ~*~*~tactically~*~*~ (hiding).
  4577 | D:5      | Noticed Prince Ribbit
  4589 | D:5      | 4589 ||| INVOKING Berserk.
  4594 | D:5      | Killed Prince Ribbit
  4595 | D:5      | Reached skill level 10 in Axes
  4843 | D:5      | 4843 ||| Stepping ~*~*~tactically~*~*~ (hiding).
  4846 | D:5      | 4846 ||| INVOKING Berserk.
  4856 | D:5      | Reached XP level 8. HP: 70/70 MP: 7/7
  4961 | D:5      | 4961 ||| SWAPPING to +0 war axe.
  4962 | D:5      | 4962 ||| DROPPING +2 hand axe.
  4972 | D:5      | 4972 ||| Stepping ~*~*~tactically~*~*~ (stealth).
  4973 | D:5      | 4973 ||| Stepping ~*~*~tactically~*~*~ (stealth).
  4988 | D:5      | Reached skill level 6 in Fighting
  5024 | D:5      | Found an ancient bone altar of Kikubaaqudgha.
  5117 | D:5      | 5117 ||| INVOKING Berserk.
  5119 | D:5      | Reached skill level 11 in Axes
  5362 | D:5      | 5362 ||| READING scroll labelled KEBISASUTRA.
  5381 | D:5      | 5381 ||| READING scroll labelled MAIZAU SEABLA.
  5382 | D:5      | 5382 ||| DRINKING 2 metallic amethyst potions.
  5383 | D:5      | 5383 ||| DROPPING potion of attraction.
  5565 | D:6      | 5565 ||| Stepping ~*~*~tactically~*~*~ (stealth).
  5567 | D:6      | 5567 ||| Stepping ~*~*~tactically~*~*~ (stealth).
  5570 | D:6      | 5570 ||| Stepping ~*~*~tactically~*~*~ (hiding).
  5579 | D:6      | 5579 ||| INVOKING Berserk.
  5756 | D:6      | 5756 ||| Stepping ~*~*~tactically~*~*~ (stealth).
  5763 | D:6      | 5763 ||| INVOKING Berserk.
  5766 | D:6      | Reached skill level 12 in Axes
  5773 | D:6      | 5773 ||| Stepping ~*~*~tactically~*~*~ (stealth).
  5810 | D:6      | 5810 ||| Stepping ~*~*~tactically~*~*~ (stealth).
  5825 | D:6      | 5825 ||| Stepping ~*~*~tactically~*~*~ (stealth).
  5835 | D:6      | 5835 ||| Stepping ~*~*~tactically~*~*~ (stealth).
  5858 | D:6      | 5858 ||| INVOKING Berserk.
  6071 | D:6      | Reached XP level 9. HP: 79/79 MP: 8/8
  6274 | D:6      | 6274 ||| INVOKING Berserk.
  6435 | D:6      | Found a snail-covered altar of Cheibriados.
  6445 | D:6      | 6445 ||| UPGRADING to +0 plate armour.
  6455 | D:6      | 6455 ||| DROPPING +0 chain mail.
  6456 | D:6      | 6456 ||| READING 2 scrolls labelled VIARPH AFEUGIOT.
  6457 | D:6      | 6457 ||| READING scroll of brand weapon.
  6457 | D:6      | 6457 ||| BRANDING +0 war axe of protection.
  6458 | D:6      | 6458 ||| READING scroll labelled ISA HOUNGIDACW.
  6459 | D:6      | 6459 ||| DRINKING 2 smoky cyan potions.
  6460 | D:6      | 6460 ||| READING 3 scrolls of identify.
  6460 | D:6      | 6460 ||| IDENTIFYING golden potion
  6461 | D:6      | 6461 ||| READING 2 scrolls of identify.
  6461 | D:6      | 6461 ||| IDENTIFYING cyan potion
  6462 | D:6      | 6462 ||| DROPPING potion of degeneration.
  6463 | D:6      | 6463 ||| READING 5 scrolls of teleportation.
  6479 | D:7      | Found a staircase to the Ecumenical Temple.
  6485 | D:7      | Noticed Menkaure
  6486 | D:7      | 6486 ||| Stepping ~*~*~tactically~*~*~ (hiding).
  6489 | D:7      | 6489 ||| Stepping ~*~*~tactically~*~*~ (hiding).
  6492 | D:7      | 6492 ||| Stepping ~*~*~tactically~*~*~ (hiding).
  6495 | D:7      | 6495 ||| INVOKING Berserk.
  6496 | D:7      | Killed Menkaure
  6614 | D:7      | 6614 ||| Stepping ~*~*~tactically~*~*~ (hiding).
  6761 | D:7      | Found a shimmering altar of Xom.
  6762 | D:7      | Found a shimmering altar of Xom.
  6762 | D:7      | Found a shimmering altar of Xom.
  6793 | D:7      | Found an iron altar of Okawaru.
  6806 | D:7      | Reached skill level 13 in Axes
  6991 | D:7      | 6991 ||| Stepping ~*~*~tactically~*~*~ (stealth).
  7291 | D:7      | 7291 ||| Stepping ~*~*~tactically~*~*~ (hiding).
  7296 | D:7      | 7296 ||| INVOKING Berserk.
  7302 | D:7      | Reached skill level 6 in Armour
  7491 | D:7      | 7491 ||| DROPPING amulet of faith.
  7492 | D:7      | 7492 ||| DRINKING 2 blue potions.
  7493 | D:7      | 7493 ||| DRINKING 2 fizzy inky potions.
  7594 | D:7      | 7594 ||| DROPPING potion of brilliance.
  7595 | D:7      | 7595 ||| DROPPING potion of ambrosia.
  7627 | D:8      | 7627 ||| Stepping ~*~*~tactically~*~*~ (stealth).
  7629 | D:8      | 7629 ||| STAIRDANCE
  7639 | D:8      | 7639 ||| STAIRDANCE
  7732 | D:8      | Found Egub's Jewellery Boutique.
  7736 | D:8      | 7736 ||| Stepping ~*~*~tactically~*~*~ (stealth).
  7752 | D:8      | Reached skill level 14 in Axes
  7781 | D:8      | 7781 ||| SHOPLISTING +6 ring of strength (504 gold, have
                  | 398).
  7781 | D:8      | 7781 ||| BUYING ring of ice (350 gold).
  7781 | D:8      | Bought a ring of ice for 350 gold pieces
  7781 | D:8      | 7781 ||| SHOPLISTING ring of ice (350 gold, have 48).
  7781 | D:8      | 7781 ||| SHOPLISTING ring of positive energy (280 gold,
                  | have 48).
  7781 | D:8      | 7781 ||| SHOPLISTING ring of resist corrosion (280 gold,
                  | have 48).
  7781 | D:8      | 7781 ||| SHOPLISTING ring of see invisible (210 gold, have
                  | 48).
  7781 | D:8      | 7781 ||| SHOPLISTING ring of willpower (350 gold, have 48).
  7816 | D:8      | Noticed Pikel
  7823 | D:8      | 7823 ||| INVOKING Berserk.
  7828 | D:8      | Killed Pikel
  7829 | D:8      | Reached XP level 10. HP: 89/89 MP: 9/9
  8048 | D:8      | Found a radiant altar of Vehumet.
  8091 | D:8      | 8091 ||| Stepping ~*~*~tactically~*~*~ (hiding).
  8092 | D:8      | 8092 ||| Stepping ~*~*~tactically~*~*~ (hiding).
  8096 | D:8      | Reached skill level 15 in Axes
  8200 | D:8      | 8200 ||| Stepping ~*~*~tactically~*~*~ (stealth).
  8201 | D:8      | 8201 ||| Stepping ~*~*~tactically~*~*~ (stealth).
  8218 | D:8      | Reached skill level 9 in Fighting
  8218 | D:8      | 8218 ||| INVOKING Berserk.
  8484 | D:8      | Found the +4 skin of Zhor {*Englaciate rC+++ SInv}
  8590 | D:8      | Reached **** piety under Trog
  8617 | D:8      | Reached skill level 16 in Axes
  8734 | D:8      | Found a basalt altar of Yredelemnul.
  9006 | D:8      | Noticed Maggie
  9007 | D:8      | 9007 ||| Stepping ~*~*~tactically~*~*~ (hiding).
  9012 | D:8      | 9012 ||| DRINKING 2 potions of cancellation.
  9014 | D:8      | 9014 ||| DRINKING potion of cancellation.
  9020 | D:8      | Killed Maggie
  9021 | D:8      | Reached skill level 3 in Dodging
  9177 | D:8      | 9177 ||| Stepping ~*~*~tactically~*~*~ (hiding).
  9178 | D:8      | 9178 ||| Stepping ~*~*~tactically~*~*~ (hiding).
  9179 | D:8      | 9179 ||| Stepping ~*~*~tactically~*~*~ (hiding).
  9180 | D:8      | 9180 ||| Stepping ~*~*~tactically~*~*~ (hiding).
  9181 | D:8      | 9181 ||| Stepping ~*~*~tactically~*~*~ (hiding).
  9306 | D:8      | 9306 ||| UPGRADING to +4 ring of protection.
  9329 | D:9      | Noticed Erolcha
  9330 | D:9      | 9330 ||| INVOKING Trog's Hand.
  9356 | D:9      | 9356 ||| FLEEEEING.
  9357 | D:9      | 9357 ||| FLEEEEING.
  9358 | D:9      | 9358 ||| FLEEEEING.
  9359 | D:9      | 9359 ||| FLEEEEING.
  9362 | D:9      | 9362 ||| INVOKING Trog's Hand.
  9363 | D:9      | 9363 ||| INVOKING Berserk.
  9369 | D:9      | Reached XP level 11. HP: 98/98 MP: 10/10
  9370 | D:9      | Killed Erolcha
  9549 | D:9      | Found Vineerin's Book Shop.
  9569 | D:9      | Found a staircase to the Lair.
  9589 | D:9      | Reached skill level 1 in Throwing
  9641 | D:9      | 9641 ||| FLEEEEING.
  9642 | D:9      | 9642 ||| FLEEEEING.
  9643 | D:9      | 9643 ||| STAIRDANCE
  9655 | D:8      | 9655 ||| UPGRADING to +0 cloak.
  9660 | D:8      | 9660 ||| READING scroll labelled AMY MYTHEACW.
  9661 | D:8      | 9661 ||| READING 2 scrolls of identify.
  9661 | D:8      | 9661 ||| IDENTIFYING murky dark potion
  9662 | D:8      | 9662 ||| DROPPING potion of berserk rage.
  9668 | D:9      | 9668 ||| INVOKING Berserk.
  9682 | D:9      | Reached ***** piety under Trog
  9710 | D:9      | 9710 ||| FLEEEEING.
  9711 | D:9      | 9711 ||| FLEEEEING.
  9712 | D:9      | 9712 ||| FLEEEEING.
  9713 | D:9      | 9713 ||| FLEEEEING.
  9714 | D:9      | 9714 ||| STAIRDANCE
  9848 | D:9      | 9848 ||| READING scroll of enchant armour.
  9848 | D:9      | 9848 ||| ENCHANTING +1 hat.
  9854 | D:9      | 9854 ||| Stepping ~*~*~tactically~*~*~ (hiding).
  9856 | D:9      | 9856 ||| Stepping ~*~*~tactically~*~*~ (stealth).
  9857 | D:9      | 9857 ||| Stepping ~*~*~tactically~*~*~ (hiding).
  9858 | D:9      | 9858 ||| Stepping ~*~*~tactically~*~*~ (hiding).
  9859 | D:9      | 9859 ||| Stepping ~*~*~tactically~*~*~ (hiding).
  9878 | D:9      | 9878 ||| INVOKING Berserk.
 10048 | D:9      | 10048 ||| INVOKING Berserk.
 10391 | D:9      | 10391 ||| INVOKING Berserk.
 10393 | D:9      | Reached skill level 9 in Armour
 10503 | D:9      | 10503 ||| DROPPING +0 flail.
 10556 | D:9      | 10556 ||| PLANNING LAIR
 10556 | D:9      | 10556 ||| UPGRADING to +0 kite shield.
 10561 | D:9      | 10561 ||| READING scroll labelled FAPHIE AXZAODE.
 10662 | D:9      | 10662 ||| READING scroll labelled EDUHEV DAARYB.
 10694 | Lair:1   | Entered Level 1 of the Lair of Beasts
 10703 | Lair:1   | Reached skill level 1 in Shields
 10716 | Lair:1   | 10716 ||| INVOKING Berserk.
 10827 | Lair:1   | 10827 ||| INVOKING Berserk.
 10832 | Lair:1   | Reached skill level 3 in Shields
 10857 | Lair:1   | Noticed Sonja
 10858 | Lair:1   | 10858 ||| Stepping ~*~*~tactically~*~*~ (stealth).
 11037 | Lair:1   | 11037 ||| INVOKING Berserk.
 11166 | Lair:1   | 11166 ||| INVOKING Berserk.
 11386 | Lair:1   | 11386 ||| INVOKING Brothers in Arms.
 11404 | Lair:1   | 11404 ||| INVOKING Berserk.
 11407 | Lair:1   | HP: 24/102 [asphyx]
 11408 | Lair:1   | 11408 ||| DRINKING 4 potions of heal wounds.
 11412 | Lair:1   | 11412 ||| DRINKING 3 potions of heal wounds.
 11418 | Lair:1   | HP: 21/102 [asphyx]
 11419 | Lair:1   | 11419 ||| READING 8 scrolls of teleportation.
 11420 | Lair:1   | 11420 ||| DRINKING 2 potions of heal wounds.
 11837 | Lair:1   | Reached skill level 6 in Shields
 11838 | Lair:1   | 11838 ||| INVOKING Berserk.
 11988 | Lair:1   | Killed Sonja
 12088 | Lair:1   | 12088 ||| DRINKING 2 sapphire potions.
 12089 | Lair:1   | 12089 ||| READING 2 scrolls of identify.
 12089 | Lair:1   | 12089 ||| IDENTIFYING metallic silvery potion
 12090 | Lair:1   | 12090 ||| DROPPING potion of lignification.
 12091 | Lair:1   | 12091 ||| DROPPING potion of flight.
 12138 | Lair:2   | Noticed a bog body
 12146 | Lair:2   | Noticed a bog body
 12148 | Lair:2   | Killed a bog body
 12157 | Lair:2   | Killed a bog body
 12158 | Lair:2   | Reached skill level 9 in Shields
 12179 | Lair:2   | 12179 ||| INVOKING Berserk.
 12449 | Lair:2   | 12449 ||| INVOKING Berserk.
 12456 | Lair:2   | Reached XP level 12. HP: 110/110 MP: 11/11
 12513 | Lair:2   | Noticed an eight-headed hydra
 12514 | Lair:2   | 12514 ||| INVOKING Brothers in Arms.
 12517 | Lair:2   | 12517 ||| SWAPPING to +0 flail of protection.
 12519 | Lair:2   | 12519 ||| INVOKING Brothers in Arms.
 12520 | Lair:2   | 12520 ||| INVOKING Berserk.
 12520 | Lair:2   | Killed an eight-headed hydra
 12524 | Lair:2   | 12524 ||| SWAPPING to +0 war axe of freezing.
 12667 | Lair:2   | 12667 ||| INVOKING Berserk.
 12781 | Lair:2   | 12781 ||| Stepping ~*~*~tactically~*~*~ (stealth).
 12786 | Lair:2   | 12786 ||| INVOKING Berserk.
 12995 | Lair:2   | 12995 ||| INVOKING Berserk.
 13388 | Lair:2   | 13388 ||| INVOKING Berserk.
 13393 | Lair:2   | Reached skill level 12 in Shields
 13509 | Lair:2   | Found a staircase to the Swamp.
 13510 | Lair:2   | 13510 ||| Stepping ~*~*~tactically~*~*~ (hiding).
 13513 | Lair:2   | 13513 ||| INVOKING Berserk.
 13662 | Lair:2   | 13662 ||| READING 2 scrolls labelled RUS XEHOENUOWN.
 13663 | Lair:2   | 13663 ||| READING scroll labelled WOXIOBYJIC.
 13664 | Lair:2   | 13664 ||| DROPPING scroll of amnesia.
 13889 | Lair:3   | Noticed Nergalle
 13890 | Lair:3   | 13890 ||| Stepping ~*~*~tactically~*~*~ (hiding).
 13895 | Lair:3   | 13895 ||| INVOKING Berserk.
 13902 | Lair:3   | Killed Nergalle
 14171 | Lair:3   | Noticed a death yak
 14173 | Lair:3   | Noticed a death yak
 14173 | Lair:3   | Noticed a death yak
 14177 | Lair:3   | 14177 ||| INVOKING Berserk.
 14181 | Lair:3   | Killed a death yak
 14189 | Lair:3   | Killed a death yak
 14190 | Lair:3   | Reached skill level 12 in Fighting
 14192 | Lair:3   | Killed a death yak
 14408 | Lair:3   | 14408 ||| Stepping ~*~*~tactically~*~*~ (stealth).
 14414 | Lair:3   | 14414 ||| Stepping ~*~*~tactically~*~*~ (stealth).
 14416 | Lair:3   | 14416 ||| Stepping ~*~*~tactically~*~*~ (stealth).
 14418 | Lair:3   | 14418 ||| INVOKING Berserk.
 14724 | Lair:3   | Found a hole to the Spider Nest.
 14725 | Lair:3   | 14725 ||| INVOKING Brothers in Arms.
 14728 | Lair:3   | 14728 ||| READING 7 scrolls of teleportation.
 14729 | Lair:3   | 14729 ||| FLEEEEING.
 14775 | Lair:3   | 14775 ||| INVOKING Brothers in Arms.
 15065 | Lair:3   | 15065 ||| READING 2 scrolls of identify.
 15065 | Lair:3   | 15065 ||| IDENTIFYING bubbling coppery potion
 15138 | Lair:4   | 15138 ||| Stepping ~*~*~tactically~*~*~ (stealth).
 15170 | Lair:4   | 15170 ||| INVOKING Berserk.
 15285 | Lair:4   | Noticed a death yak
 15285 | Lair:4   | Noticed a death yak
 15285 | Lair:4   | Noticed a death yak
 15286 | Lair:4   | Noticed a death yak
 15287 | Lair:4   | Noticed a death yak
 15288 | Lair:4   | 15288 ||| INVOKING Berserk.
 15288 | Lair:4   | Noticed a death yak
 15289 | Lair:4   | Noticed a death yak
 15292 | Lair:4   | Killed a death yak
 15296 | Lair:4   | Killed a death yak
 15297 | Lair:4   | Reached XP level 13. HP: 122/122 MP: 12/12
 15307 | Lair:4   | Reached skill level 3 in Throwing
 15312 | Lair:4   | 15312 ||| FLEEEEING.
 15313 | Lair:4   | 15313 ||| FLEEEEING.
 15314 | Lair:4   | 15314 ||| FLEEEEING.
 15315 | Lair:4   | 15315 ||| Stepping ~*~*~tactically~*~*~ (hiding).
 15439 | Lair:4   | 15439 ||| INVOKING Brothers in Arms.
 15440 | Lair:4   | 15440 ||| INVOKING Brothers in Arms.
 15441 | Lair:4   | 15441 ||| SWAPPING to +0 flail of protection.
 15442 | Lair:4   | 15442 ||| INVOKING Berserk.
 15448 | Lair:4   | 15448 ||| SWAPPING to +0 war axe of freezing.
 15569 | Lair:4   | Found a staircase to the Slime Pits.
 15662 | Lair:4   | 15662 ||| INVOKING Berserk.
 15873 | Lair:4   | 15873 ||| INVOKING Berserk.
 15994 | Lair:4   | 15994 ||| INVOKING Berserk.
 16105 | Lair:4   | 16105 ||| INVOKING Berserk.
 16342 | Lair:4   | 16342 ||| Stepping ~*~*~tactically~*~*~ (stealth).
 16699 | Lair:5   | Entered Level 5 of the Lair of Beasts
 16702 | Lair:5   | 16702 ||| STAIRDANCE
 16709 | Lair:5   | 16709 ||| STAIRDANCE
 16718 | Lair:5   | 16718 ||| INVOKING Berserk.
 16726 | Lair:5   | 16726 ||| STAIRDANCE
 16842 | Lair:5   | 16842 ||| FLEEEEING.
 16843 | Lair:5   | 16843 ||| STAIRDANCE
 16870 | Lair:5   | 16870 ||| STAIRDANCE
 16895 | Lair:5   | 16895 ||| STAIRDANCE
 16912 | Lair:5   | 16912 ||| STAIRDANCE
 16918 | Lair:5   | 16918 ||| INVOKING Berserk.
 16987 | Lair:5   | 16987 ||| Stepping ~*~*~tactically~*~*~ (stealth).
 16991 | Lair:5   | 16991 ||| INVOKING Berserk.
 17062 | Lair:5   | 17062 ||| Stepping ~*~*~tactically~*~*~ (stealth).
 17065 | Lair:5   | 17065 ||| Stepping ~*~*~tactically~*~*~ (stealth).
 17070 | Lair:5   | Identified the ring "Ditriep" {rC+ Will+ rCorr Str-5}
 17080 | Lair:5   | Found a shimmering altar of Xom.
 17095 | Lair:5   | Reached skill level 12 in Armour
 17148 | Lair:5   | Noticed Kirke
 17149 | Lair:5   | 17149 ||| Stepping ~*~*~tactically~*~*~ (stealth).
 17151 | Lair:5   | 17151 ||| INVOKING Trog's Hand.
 17153 | Lair:5   | 17153 ||| Stepping ~*~*~tactically~*~*~ (hiding).
 17158 | Lair:5   | 17158 ||| INVOKING Berserk.
 17162 | Lair:5   | Killed Kirke
 17286 | Lair:5   | 17286 ||| SWAPPING to +0 flail of protection.
 17287 | Lair:5   | 17287 ||| INVOKING Berserk.
 17299 | Lair:5   | 17299 ||| SWAPPING to +0 war axe of freezing.
 17442 | Lair:5   | Noticed Nessos
 17452 | Lair:5   | Reached skill level 15 in Fighting
 17461 | Lair:5   | 17461 ||| INVOKING Berserk.
 17462 | Lair:5   | HP: 41/189 [Nessos/arrow (17)]
 17464 | Lair:5   | HP: 16/189 [Nessos/arrow (9)]
 17465 | Lair:5   | HP: 7/189 [poisoned by Nessos]
 17465 | Lair:5   | HP: 3/189 [Nessos/arrow (1)]
 17466 | Lair:5   | Succumbed to Nessos's poison

Levels and vault maps discovered:
D:1:      elethiomel_arrival_infinity_welcomes_careful_drivers, layout_basic,
          hellmonk_ecumenical_altar_inner_sanctum, minmay_misc_feat_four_crosses
D:2:      layout_basic
D:3:      layout_basic, lemuel_doored_altar, overflow_temple_1_default,
          serial_shops, shop, shop, nicolae_square_shop, nicolae_lakefront_shop,
          shop, uniq_sigmund, uniq_robin
D:4:      layout_basic, uniq_natasha
D:5:      layout_basic, kennysheep_vampire_church, uniq_prince_ribbit1
D:6:      layout_loops_cross, kennysheep_little_box, minmay_bent
D:7:      layout_basic, xom_redecorated, okawaru_trees_1, temple_doors_e,
          uniq_menkaure
D:8:      layout_layer_cave, mainiacjoe_overflow_catwalk,
          mainiacjoe_overflow_concentric_impassable, serial_shops, shop,
          hellmonk_guarded_unrand_zhor, uniq_maggie, uniq_pikel
D:9:      layout_big_octagon, erik_lair_orcish_takeover, serial_gnoll_camp,
          gnoll_camp_mini_shop, gnoll_camp_huts_moat, gnoll_camp_mini_doghouse,
          gnoll_camp_medium_02, uniq_erolcha
Lair:1:   layout_gridlike, lemuel_fruit_tree, grunt_megastairs_1, uniq_sonja
Lair:2:   layout_regular_city, nicolae_swamp_entry_splash_gauntlet
Lair:3:   beast_lair_carwin_large_3, layout_layer_cave,
          nicolae_spider_entry_orb_guardian, lemuel_fruit_fields, uniq_nergalle
Lair:4:   layout_roguey, slime_entry_1, st_stairs_3,
          chequers_serial_rivers_micro_a, grunt_megastairs_5
Lair:5:   hellmonk_lair_end_abyssal_woods, layout_big_grid, basic_altar,
          amcnicky_altar_lugonu_corruption, uniq_nessos, uniq_kirke

Skill      XL: |  1  2  3  4  5  6  7  8  9 10 11 12 13 |
---------------+----------------------------------------+-----
Axes           | 4 5 6 8 9 10 12 14 16 | 16.0
Fighting       | 4 5 7 8 10 11 13 15 | 15.0
Armour         | 3 4 6 8 9 10 12 | 12.0
Dodging        | 3 4 5 |  5.0
Throwing       | 2 3 |  3.4
Shields        | 9 13 14 | 14.3

Action                   |  1- 3 |  4- 6 |  7- 9 | 10-12 | 13-15 || total
-------------------------+-------+-------+-------+-------+-------++-------
Melee: Hand axe          |    68 |   108 |    51 |       |       ||   227
       Headbutt          |     7 |    11 |    23 |    74 |    50 ||   165
       Punch             |     1 |     1 |     5 |     1 |       ||     8
       Kick              |       |    20 |    56 |   114 |    82 ||   272
       War axe           |       |       |   167 |   460 |   188 ||   815
       Flail             |       |       |       |       |     6 ||     6
Throw: Boomerang         |       |    16 |       |    86 |    23 ||   125
Invok: Berserk           |     3 |     8 |    11 |    25 |    11 ||    58
       Trog's Hand       |       |       |       |     2 |     1 ||     3
       Brothers in Arms  |       |       |       |     5 |     1 ||     6
  Use: Scroll            |     6 |     2 |     8 |    11 |       ||    27
       Potion            |     1 |     1 |     6 |     6 |       ||    14
Armor: Animal skin       |    15 |     8 |       |       |       ||    23
       Chain mail        |       |    11 |    53 |       |       ||    64
       Plate armour      |       |       |    57 |   211 |    84 ||   352
Dodge: Dodged            |    40 |    52 |    79 |   142 |    43 ||   356
Block: Kite shield       |       |       |       |    65 |    95 ||   160

Table legend:
 A = Non-vault XP
 B = Vault XP
 C = Vault XP percentage of total XP
 D = Non-vault monster count
 E = Vault monster count
 F = Vault count percentage of total count
                 A         B        C        D         E       F
            +---------+---------+-------+---------+---------+-------
      Total |   42563 |   18567 |  30.4 |     300 |     128 |  29.9
            +---------+---------+-------+---------+---------+-------
        D:1 |      29 |       0 |   0.0 |      19 |       0 |   0.0
        D:2 |      26 |       0 |   0.0 |       7 |       0 |   0.0
        D:3 |     158 |     248 |  61.1 |      34 |      12 |  26.1
        D:4 |     305 |      35 |  10.3 |      27 |       1 |   3.6
        D:5 |     583 |     408 |  41.2 |      19 |       8 |  29.6
        D:6 |     713 |     649 |  47.7 |      12 |       8 |  40.0
        D:7 |    1001 |     165 |  14.2 |      18 |       1 |   5.3
        D:8 |    2625 |    2858 |  52.1 |      34 |       7 |  17.1
        D:9 |    2240 |    2386 |  51.6 |      32 |      52 |  61.9
     Lair:1 |    3342 |     769 |  18.7 |      14 |       1 |   6.7
     Lair:2 |    6077 |    3182 |  34.4 |      22 |       7 |  24.1
     Lair:3 |    5413 |    2184 |  28.7 |      15 |      12 |  44.4
     Lair:4 |   14138 |    1694 |  10.7 |      30 |       6 |  16.7
     Lair:5 |    5913 |    3989 |  40.3 |      17 |      13 |  43.3
            +---------+---------+-------+---------+---------+-------
